 Dungeon Crawl Stone Soup version 0.28.0-43-g3370ac3207 (webtiles) character file.

Game seed: 4623068779585941084

585 Zeld the Digger (level 7, -1/40 HPs)
             Began as a Gargoyle Earth Elementalist on Mar 11, 2022.
             Slain by an orc warrior
             ... wielding a +0 scimitar
              (9 damage)
             ... on level 5 of the Dungeon.
             The game lasted 00:14:26 (6749 turns).

Zeld the Digger (Gargoyle Earth Elementalist)       Turns: 6749, Time: 00:14:27

Health: -1/40      AC:  7    Str: 12    XL:     7   Next: 37%
Magic:  0/13       EV: 12    Int: 17    God:
Gold:   202        SH:  0    Dex: 10    Spells: 4/14 levels left

rFire   . . .      SeeInvis .   (no weapon)
rCold   . . .      Faith    .   (no shield)
rNeg    + . .      Spirit   .   b - +0 robe
rPois   ∞          Reflect  .   d - +0 helmet
rElec   +          Harm     .   (no cloak)
rCorr   .          Rampage  .   (no gloves)
Will    .....                   (no boots)
Stlth   ++........              (no amulet)
HPRegen 0.13/turn               (no ring)
MPRegen 0.13/turn               (no ring)

@: no status effects
A: sickness immunity, AC +4, negative energy resistance 1, electricity
resistance, torment resistance 1, petrification resistance
a: no special abilities


You were on level 5 of the Dungeon.
You visited 1 branch of the dungeon, and saw 5 of its levels.

You collected 202 gold pieces.

Inventory:

Armour
 b - a +0 robe (worn)
 d - a +0 helmet (worn)
Wands
 c - a wand of polymorph (7)
Scrolls
 a - a scroll of vulnerability {unknown}
 e - 2 scrolls of identify {unknown}
 f - a scroll of enchant armour {unknown}
 g - a scroll of fog {unknown}
 j - a scroll of acquirement {unknown}
 l - a scroll of noise {unknown}
 m - a scroll of fear {unknown}
 n - a scroll of torment {unknown}
Potions
 h - 2 potions of cancellation {unknown}
 i - a potion of lignification {unknown}
 k - a potion of degeneration {unknown}


   Skills:
 + Level 2.6 Fighting
 - Level 2.0 Dodging
 + Level 3.9 Stealth
 * Level 4.1 Spellcasting
 + Level 2.5 Conjurations
 - Level 1.0 Transmutations
 * Level 6.2 Earth Magic


You had 4 spell levels left.
You knew the following spells:

 Your Spells              Type           Power      Damage    Failure   Level
a - Sandblast             Erth           48%        2d12      1%          1
b - Passwall              Tmut/Erth      12%        N/A       5%          2
c - Stone Arrow           Conj/Erth      36%        3d9       8%          3
d - Petrify               Tmut/Erth      15%        N/A       34%         4

Your spell library contained the following spells:

 Spells                   Type           Power      Damage    Failure   Level
 Freeze                   Ice            12%        1d4       16%         1
 Frozen Ramparts          Ice            6%         1d2       43%         3
 Hailstorm                Conj/Ice       7%         3d4       67%         4


Dungeon Overview and Level Annotations

Branches:
Dungeon (5/15)
 Temple: D:4-7

Altars:
Okawaru
The Shining One


Innate Abilities, Weirdness & Mutations

You are immune to sickness and miasma.
Your stone body is resilient. (AC +4)
You are immune to poison.
You resist negative energy. (rN+)
You are resistant to electric shocks. (rElec)
You are resistant to unholy torment.
You are immune to petrification.


Message History

Confirm with . or Enter, or press ? or * to list all spells.
Aiming: Stone Arrow (dangerous; 8% risk of failure)
Press: ? - help, Shift-Dir - straight line, f/p - orc warrior
Aim: an orc warrior, wielding a +0 scimitar and wearing a +0 chain mail (lightly wounded, 64% to hit)
The stone arrow hits the orc warrior!
The orc warrior is heavily wounded.
Unknown command.
Casting: Stone Arrow (dangerous; 8% risk of failure)
Confirm with . or Enter, or press ? or * to list all spells.
Aiming: Stone Arrow (dangerous; 8% risk of failure)
Press: ? - help, Shift-Dir - straight line, f/p - orc warrior
Aim: an orc warrior, wielding a +0 scimitar and wearing a +0 chain mail (heavily wounded, 64% to hit)
The stone arrow misses the orc warrior.
The orc warrior hits you with a +0 scimitar!!
Unknown command.
Casting: Stone Arrow (dangerous; 8% risk of failure)
Confirm with . or Enter, or press ? or * to list all spells.
You don't have enough magic to cast this spell.
Unknown command.
Unknown command. 2 orcs come into view.
Unknown command.
You see here a scorpion corpse.
Casting: Stone Arrow (dangerous; 8% risk of failure)
Confirm with . or Enter, or press ? or * to list all spells.
Aiming: Stone Arrow (dangerous; 8% risk of failure)
Press: ? - help, Shift-Dir - straight line, f/p - orc warrior
Aim: an orc warrior, wielding a +0 scimitar and wearing a +0 chain mail (heavily wounded, 64% to hit)
The stone arrow hits the orc warrior!
The orc warrior is almost dead.
The orc warrior hits you with a +0 scimitar!!
* * * LOW HITPOINT WARNING * * *
Casting: Stone Arrow (dangerous; 8% risk of failure)
Confirm with . or Enter, or press ? or * to list all spells.
Aiming: Stone Arrow (dangerous; 8% risk of failure)
Press: ? - help, Shift-Dir - straight line, f/p - orc warrior
Aim: an orc warrior, wielding a +0 scimitar and wearing a +0 chain mail (almost dead, 64% to hit)
The stone arrow misses the orc warrior.
The orc warrior hits you with a +0 scimitar!
You die...

.......#.#.....##########..#.#
.....†.......o.............#.#
..####.##.....##########.##.#
####.##.o......# #.##..
#.........####.# #.####
#.##.##.### #.# #.# # #.##.#
#.# #.# #.##.######.# #.#
#......@o##.#######.#
####.###............# #.#
####.######### #.# #....
........ ###..####.# ...# #
##.## ##


You could see an orc warrior.

Vanquished Creatures
  A phantom (D:3)
  A bullfrog (D:4)
  2 scorpions
  A water moccasin zombie (D:5)
  An orc priest (D:4)
  A hound (D:5)
  A bullfrog skeleton (D:5)
  An iguana (D:3)
  2 orc wizards (D:4)
  An adder (D:3)
  An ufetubus (D:4)
  2 adder skeletons (D:4)
  2 dart slugs
  5 orcs
  7 ball pythons
  6 endoplasms
  3 giant cockroaches
  6 goblins
  12 hobgoblins
  2 jackals (D:1)
  5 quokkas
  7 bats
  4 frilled lizards
  6 kobolds
  4 rats
84 creatures vanquished.

Notes
Turn   | Place    | Note
-------+----------+-------------------------------------------
     0 | D:1      | Zeld the Gargoyle Earth Elementalist began the quest for
                  | the Orb.
     0 | D:1      | Reached XP level 1. HP: 10/10 MP: 3/3
   511 | D:1      | Reached XP level 2. HP: 15/15 MP: 0/5
   514 | D:1      | Learned a level 2 spell: Passwall
   672 | D:1      | Reached skill level 1 in Transmutations
   993 | D:1      | Reached skill level 4 in Earth Magic
  1012 | D:1      | Found a faded altar of an unknown god.
  1320 | D:1      | Reached XP level 3. HP: 20/20 MP: 1/6
  1324 | D:1      | Learned a level 3 spell: Stone Arrow
  1998 | D:2      | Reached skill level 1 in Fighting
  2675 | D:3      | Found a glowing golden altar of the Shining One.
  2685 | D:3      | Reached XP level 4. HP: 25/25 MP: 4/7
  2799 | D:3      | Noticed a scorpion
  2832 | D:3      | Killed a scorpion
  2833 | D:3      | Reached skill level 1 in Conjurations
  2833 | D:3      | Reached XP level 5. HP: 15/29 MP: 0/9
  3533 | D:4      | Noticed a phantom
  3565 | D:3      | HP: 1/29 [iguana (9)]
  3573 | D:3      | Reached skill level 5 in Earth Magic
  4356 | D:4      | Found an iron altar of Okawaru.
  4414 | D:4      | Learned a level 4 spell: Petrify
  4453 | D:4      | Reached XP level 6. HP: 27/35 MP: 4/11
  5705 | D:4      | HP: 1/35 [something/puff of flame (10)]
  6178 | D:5      | Entered Level 5 of the Dungeon
  6184 | D:5      | Reached XP level 7. HP: 36/40 MP: 2/12
  6299 | D:5      | Reached skill level 6 in Earth Magic
  6749 | D:5      | Slain by an orc warrior

Illustrated notes

Levels and vault maps discovered:
D:1:      evilmike_arrival_plus, layout_loops_corners,
          dreamdust_ecumenical_altar_statues, minmay_misc_feat_square
D:2:      layout_basic
D:3:      layout_basic, tso_oasis_becter
D:4:      layout_gridville, okawaru_metal_pillars_1_2, minmay_misc_feat_roman,
          minmay_misc_feat_room
D:5:      layout_loops_ring, nicolae_hepliaklqana_monster_ancestors,
          gammafunk_ghost_nasty_kobolds, hangedman_minor_gate_pass

Skill      XL: |  1  2  3  4  5  6  7 |
---------------+----------------------+-----
Transmutations | 1 |  1.0
Earth Magic    | 4 5 6 |  6.2
Fighting       | 1 2 |  2.6
Conjurations   | 1 2 |  2.5
Dodging        | 2 |  2.0
Spellcasting   | 3 4 |  4.1
Stealth        | 3 |  3.9

Action                   |  1- 3 |  4- 6 |  7- 9 || total
-------------------------+-------+-------+-------++-------
Melee: Unarmed           |     3 |    14 |    19 ||    36
 Cast: Sandblast         |    70 |    45 |       ||   115
       Stone Arrow       |       |    25 |    16 ||    41
Armor: Robe              |    10 |    19 |    13 ||    42
Dodge: Dodged            |    16 |    27 |    11 ||    54
